 Dungeon Crawl Stone Soup version 0.29-a0-356-g7bc237e783 (webtiles) character file.

Game seed: 1966008931733093356

1 spaghetti the Magician (level 1, 0/15 HPs)
             Began as a Djinni Summoner on Apr 25, 2022.
             Slain by a quokka (3 damage)
             ... on level 1 of the Dungeon.
             The game lasted 00:00:11 (63 turns).

spaghetti the Magician (Djinni Summoner)              Turns: 63, Time: 00:00:11

Health: 0/15       AC:  2    Str:  7    XL:     1   Next: 22%
Gold:   0          EV: 12    Int: 16    God:
                   SH:  0    Dex: 13

rFire   + + .      SeeInvis .   (no weapon)
rCold   x . .      Faith    .   (no shield)
rNeg    . . .      Spirit   .   a - +0 robe
rPois   ∞          Reflect  .   (no helmet)
rElec   .          Harm     .   (no cloak)
rCorr   .          Rampage  .   (no gloves)
Will    .....                   (boots unavailable)
Stlth   ++........              (no amulet)
HPRegen 0.05/turn               (no ring)
MPRegen 0.00/turn               (no ring)

@: flying
A: sickness immunity, fire resistance 2, cold vulnerability 1, float, innate
caster, HP casting, extra vitality 1
a: no special abilities


You were on level 1 of the Dungeon.
You visited 1 branch of the dungeon, and saw 1 of its levels.


Innate Abilities, Weirdness & Mutations

You are immune to sickness and miasma.
You are immune to poison.
Your flesh is very heat resistant. (rF++)
You are vulnerable to cold. (rC-)
You float through the air rather than walking.
You learn spells naturally, not from books.
Your magical power is your life essence.
You have superior vitality. (+4 MHP)


   Skills:
 - Level 2.1 Dodging
 - Level 1.5 Stealth
 + Level 3.3 Spellcasting


You couldn't memorise any spells.
You knew the following spells:

 Your Spells              Type           Power      Damage    Failure   Level
a - Summon Small Mammal   Summ           52%        N/A       4%          1
b - Call Imp              Summ           13%        N/A       7%          2
c - Call Canine Familiar  Summ           13%        N/A       14%         3
d - Summon Guardian Gole  Hex/Summ       13%        N/A       14%         3
e - Summon Lightning Spi  Summ/Air       13%        N/A       43%         4
Your spell library was empty.

Inventory:

Missiles
 b - 38 stones {throwing}
Armour
 a - a +0 robe (worn)

Dungeon Overview and Level Annotations

Branches:
Dungeon (1/15)

Altars:

### ####### ...
##.....## ..
#...<...# ..
##.....## ###.
###'### #..
###.....####.#
##.........##@#
+.....8.....rr#
##.........##r#
###.....###..#
#######.....
...#....
#..##....# ....
.....# ...
.....#


You could see a quokka (ally target) and 2 friendly quokkas.


Message History

🤖 Initializing magus.rc ...
Options error: Delay interrupt name "hungry" not recognised. (~/.crawlrc:4761) Options error: Bad monster_list_colour key: strict_neutral (~/.crawlrc:4776) ✅ Successfully initialized magus.rc [v1.9.6] Welcome, spaghetti the Djinni Summoner.
Will you prevail where others failed? Will you find the Orb of Zot?
Press ? for a list of commands and other information.
Found a stone.
Found a staircase leading out of the dungeon.
You begin with the following spells memorised: Summon Small Mammal, Call Imp, Call Canine Familiar, Summon Guardian Golem, Summon Lightning Spire.
b - a stone {throwing} You reach down and open the door.
There is an open door here.
b - 4 stones {throwing} (gained 3)
b - 5 stones {throwing} (gained 1)
b - 6 stones {throwing} (gained 1)
b - 10 stones {throwing} (gained 4)
b - 14 stones {throwing} (gained 4)
b - 15 stones {throwing} (gained 1)
b - 16 stones {throwing} (gained 1)
b - 17 stones {throwing} (gained 1)
b - 18 stones {throwing} (gained 1) Key pressed, stopping explore.
b - 19 stones {throwing} (gained 1)
b - 21 stones {throwing} (gained 2)
b - 25 stones {throwing} (gained 4)
b - 28 stones {throwing} (gained 3)
b - 31 stones {throwing} (gained 3)
b - 32 stones {throwing} (gained 1)
b - 33 stones {throwing} (gained 1)
b - 34 stones {throwing} (gained 1) Key pressed, stopping explore.
b - 38 stones {throwing} (gained 4) As you open the door, it creaks loudly!
Found an escape hatch in the floor.
There is an open door here.
A quokka comes into view.
A quokka is nearby!
An endoplasm comes into view.
The quokka bites you.
There is an escape hatch in the floor here. 😕 HP[-2]
You take 2 damage, and now have 13/15 hp.
You are too injured to fight recklessly!
You are too injured to fight recklessly!
You are too injured to fight recklessly!
You are too injured to fight recklessly!
You are too injured to fight recklessly!
You are too injured to fight recklessly!
You are too injured to fight recklessly!
You are too injured to fight recklessly!
You are too injured to fight recklessly!
You are too injured to fight recklessly!
You are too injured to fight recklessly!
You are too injured to fight recklessly!
You are too injured to fight recklessly!
You are too injured to fight recklessly!
You are too injured to fight recklessly!
You are too injured to fight recklessly!
Cast which spell? (? or * to list)
You aren't experienced enough to cast this spell.
Cast which spell? (? or * to list)
The endoplasm quivers.
The quokka bites you but does no damage.
The quokka closely misses you. 😕 HP[-1]
You take 1 damage, and now have 12/15 hp.
Casting: Summon Small Mammal (safe; 4% risk of failure)
Confirm with . or Enter, or press ? or * to list all spells.
The quokka bites you.
* * * LOW HITPOINT WARNING * * *
😨 HP[-6]
You take 6 damage, and now have 6/15 hp.
MASSIVE DAMAGE!! (PAUSE)
The quokka attacks as you move away!
The quokka bites you but does no damage.
Your quokka misses the quokka.
Your quokka bites the quokka but does no damage.
You miss the quokka. The quokka bites you.
* * * LOW HITPOINT WARNING * * *
Your quokka bites the endoplasm.
The endoplasm barely misses your quokka.
You miss the quokka. Your punch misses the quokka.
The quokka barely misses you.
Your quokka closely misses the quokka.
Your quokka bites the endoplasm.
The endoplasm dies!
The quokka misses you.
You barely miss the quokka. The quokka barely misses you.
Your quokka bites the quokka.
You hit the quokka but do no damage. The quokka bites you.
* * * LOW HITPOINT WARNING * * *
😱 HP[-3]
You take 3 damage, and now have 3/15 hp.
You hit the quokka but do no damage.
Your quokka closely misses the quokka.
The quokka bites you.
You die...

Action                   || total
-------------------------++-------
Melee: Unarmed           ||     5
 Cast: Summon Small Mamm ||     2
Armor: Robe              ||     2
Dodge: Dodged            ||     4

Levels and vault maps discovered:
D:1:      minmay_arrival_shattered_statue, layout_basic,
          serial_co_window_serial, co_window_corner_a, co_window_cross_1,
          co_window_paths_b, co_window_of_opportunity_a, co_window_paths_a,
          co_window_corner_a, co_window_corner_cb, co_window_2corner,
          co_window_broadway_a, co_window_broadway_a, glass_columns_b,
          glass_columns_a, glass_columns_a, glass_columns_c, glass_columns_a,
          minmay_rat_gold_closets

Notes
Turn   | Place    | Note
-------+----------+-------------------------------------------
     0 | D:1      | spaghetti the Djinni Summoner began the quest for the Orb.
     0 | D:1      | Reached XP level 1. HP: 15/15 MP: 0/0
     0 | D:1      | magus.rc [v1.9.6]
    62 | D:1      | HP: 3/15 [quokka (3)]
    63 | D:1      | Slain by a quokka

Vanquished Creatures (collateral kills)
  An endoplasm (D:1)
1 creature vanquished.

Table legend:
 A = Non-vault XP
 B = Vault XP
 C = Vault XP percentage of total XP
 D = Non-vault monster count
 E = Vault monster count
 F = Vault count percentage of total count
                 A         B        C        D         E       F
            +---------+---------+-------+---------+---------+-------
      Total |       2 |       0 |   0.0 |       1 |       0 |   0.0
            +---------+---------+-------+---------+---------+-------
        D:1 |       2 |       0 |   0.0 |       1 |       0 |   0.0
            +---------+---------+-------+---------+---------+-------

Illustrated notes

Table legend:
 A = Kills in this place as a percentage of kills in entire the game.
 B = Kills by you in this place as a percentage of kills by you in the entire game.
 C = Kills by friends in this place as a percentage of kills by friends in the entire game.
 D = Other kills in this place as a percentage of other kills in the entire game.
 E = Experience gained in this place as a percentage of experience gained in the entire game.
 F = Experience gained in this place divided by the number of levels of this place that you have seen.
                   A       B       C       D       E      F
               +-------+-------+-------+-------+-------+----------------------
         Total | 100.0 |   N/A | 100.0 |   N/A | 100.0 |   2.0
       Dungeon | 100.0 |   N/A | 100.0 |   N/A | 100.0 |   2.0
               +-------+-------+-------+-------+-------+----------------------

Table legend: (Time is in decaauts)
 A = Elapsed time spent in this place.
 B = Non-inter-level travel time spent in this place.
 C = Inter-level travel time spent in this place.
 D = Time resting spent in this place.
 E = Time spent auto-exploring this place.
 F = Levels seen in this place.
 G = Mean time per level.
                   A        B        C        D        E       F      G
               +--------+--------+--------+--------+--------+-----+--------+
         Total |     63 |     63 |      0 |      0 |     52 |   1 |   63.0 |
       Dungeon |     63 |     63 |      0 |      0 |     52 |   1 |   63.0 |
               +--------+--------+--------+--------+--------+-----+--------+

Top non-repeatable levels by time:
     D:1: 63 daAuts
